 Dungeon Crawl Stone Soup version 0.24-a0-381-g637bb3806f (webtiles) character file.

Game seed: 4286180904986963097

95 truemonolith the Insei (level 4, 0/38 HPs)
             Began as a Draconian Monk on June 3, 2019.
             Was a Believer of Cheibriados.
             Slain by a gnoll (2 damage)
             ... on level 3 of the Dungeon.
             The game lasted 00:05:24 (2525 turns).

truemonolith the Insei (Draconian Monk)             Turns: 2525, Time: 00:05:25

Health: 0/38       AC:  5    Str: 19    XL:     4   Next: 40%
Magic:  4/4        EV: 13    Int: 16    God:    Cheibriados [**....]
Gold:   139        SH:  0    Dex: 24    Spells: 3/3 levels left

rFire    . . .     SeeInvis .     - Unarmed
rCold    . . .     Gourm    .   (no shield)
rNeg     . . .     Faith    .   (armour unavailable)
rPois    .         Spirit   .   (helmet restricted)
rElec    .         Reflect  .   (no cloak)
rCorr    .         Harm     .   (no gloves)
MR       .....                  (no boots)
Stlth    +.........             (no amulet)
HPRegen  0.12/turn              l - +3 ring of dexterity
MPRegen  0.09/turn              (no ring)

@: confused, lightly drained, very slow
A: unfitting armour, cold-blooded, AC +5
a: Bend Time, Renounce Religion


You were on level 3 of the Dungeon.
You worshipped Cheibriados.
Cheibriados was pleased with you.
You were not hungry.

You visited 1 branch of the dungeon, and saw 3 of its levels.

You collected 139 gold pieces.

Inventory:

Hand Weapons
 g - a +2 dagger of draining
Jewellery
 l - a +3 ring of dexterity (left hand)
Wands
 d - a wand of flame (24)
Scrolls
 b - 2 scrolls of teleportation
 e - a scroll of enchant armour
 h - a scroll of identify
Potions
 c - 2 potions of haste {unknown}
 f - a potion of curing {unknown}
 j - a potion of heal wounds {unknown}
 k - a potion of resistance {unknown}
Comestibles
 a - 4 rations


   Skills:
 - Level 3.2(3.0) Fighting
 - Level 2.6(2.4) Dodging
 - Level 1.7(1.4) Stealth
 + Level 5.2(4.9) Unarmed Combat


You had 3 spell levels left.
You didn't know any spells.
Your spell library was empty.

Dungeon Overview and Level Annotations

Branches:
Dungeon (3/15)

Altars:
Cheibriados
Gozag
Wu Jian
Zin


Innate Abilities, Weirdness & Mutations

Your plain brown scales are hard. (AC +5)
You cannot fit into any form of body armour.
You are cold-blooded and may be slowed by cold attacks.


Message History

You tail-slap the gnoll, but do no damage.
The gnoll hits you with a +0 spear.
* * * LOW HITPOINT WARNING * * *
The gnoll hits you.
* * * LOW HITPOINT WARNING * * *
Wield which item (- for none, * to show all)? (? for menu, Esc to quit)
Okay, then.
Unknown command.
You are confused.
You feel invigorated. The gnoll hits you with a +0 spear.
* * * LOW HITPOINT WARNING * * *
The gnoll hits you.
* * * LOW HITPOINT WARNING * * *
There are monsters nearby!
You barely miss the gnoll. You tail-slap the gnoll.
The gnoll is heavily wounded.
The gnoll hits you with a +0 spear.
* * * LOW HITPOINT WARNING * * *
The gnoll hits you.
You die...

......####............##
.........##...........#.
............###.........
#......##..............
###.....##.#............
.......).......#.###.###
###.#...#....###†# #..##
#.#..........#.# #...#
#.##.@#.......†###.#.. #.
#gg#######(........ #.
##K## ###..#(##. ##. #gg#
#.....#. ..###.g###.?#####
#.##....
.......g))...........##....
#....?####..####...........
..... ..............#...
.... ###...##..#### ###.


You could see 4 gnolls and a kobold.

Vanquished Creatures
  A worker ant (D:2)
  An ooze (D:1)
  2 leopard geckos (D:1)
  An orc (D:3)
  9 bats
  3 giant cockroaches
  8 goblins
  7 hobgoblins
  8 jackals
  A quokka (D:2)
  3 frilled lizards
  9 kobolds
  6 rats
59 creatures vanquished.

Notes
Turn   | Place    | Note
-------+----------+-------------------------------------------
     0 | D:1      | truemonolith the Draconian Monk began the quest for the
                  | Orb.
     0 | D:1      | Reached XP level 1. HP: 19/19 MP: 1/1
   131 | D:1      | Reached XP level 2. HP: 26/26 MP: 2/2
   604 | D:1      | Reached skill level 4 in Unarmed Combat
   835 | D:1      | Reached XP level 3. HP: 31/31 MP: 3/3
  1586 | D:2      | Found an ornate altar of the Wu Jian Council.
  1591 | D:2      | Found a snail-covered altar of Cheibriados.
  1596 | D:2      | Became a worshipper of Cheibriados the Contemplative
  1596 | D:2      | Reached * piety under Cheibriados
  1596 | D:2      | Reached ** piety under Cheibriados
  1620 | D:2      | Found a glowing silver altar of Zin.
  1701 | D:2      | Found an opulent altar of Gozag.
  1979 | D:2      | Reached skill level 5 in Unarmed Combat
  1979 | D:2      | Reached XP level 4. HP: 38/38 MP: 4/4
  2525 | D:3      | Slain by a gnoll

Levels and vault maps discovered:
D:1:      lemuel_arrival_behind_the_door_small, layout_basic,
          supply_closet_lemuel, minivault_19
D:2:      layout_basic, lemuel_crystal_altar, minitemple, grunt_gozag_statues
D:3:      layout_rooms, minmay_misc_feat_plants

Skill      XL: |  1  2  3 |
---------------+----------+-----
Unarmed Combat | 4 5 |  5.2
Fighting       | |  3.2
Dodging        | |  2.6
Stealth        | |  1.7

Action                   |  1- 3 |  4- 6 || total
-------------------------+-------+-------++-------
Melee: Unarmed           |   146 |    33 ||   179
       Tailslap          |    17 |    12 ||    29
       Punch             |     1 |       ||     1
  Use: Potion            |     3 |     1 ||     4
       Scroll            |       |     7 ||     7
 Stab: Sleeping          |     3 |     1 ||     4
  Eat: Chunk             |     2 |       ||     2
       Ration            |       |     1 ||     1
Armor: Skin              |    65 |    13 ||    78
Dodge: Dodged            |   149 |    28 ||   177

Table legend:
 A = Non-vault XP
 B = Vault XP
 C = Vault XP percentage of total XP
 D = Non-vault monster count
 E = Vault monster count
 F = Vault count percentage of total count
                 A         B        C        D         E       F
            +---------+---------+-------+---------+---------+-------
      Total |     137 |       0 |   0.0 |      59 |       0 |   0.0
            +---------+---------+-------+---------+---------+-------
        D:1 |      48 |       0 |   0.0 |      25 |       0 |   0.0
        D:2 |      65 |       0 |   0.0 |      21 |       0 |   0.0
        D:3 |      24 |       0 |   0.0 |      13 |       0 |   0.0
            +---------+---------+-------+---------+---------+-------
